 Dungeon Crawl Stone Soup version 0.26-a0-639-g72c4674329 (webtiles) character file.

Game seed: 3630234021560608833

7 Colgate the Stinger (level 2, 0/22 HPs)
             Began as a Naga Venom Mage on Sept 16, 2020.
             Slain by a kobold (2 damage)
             ... on level 1 of the Dungeon.
             The game lasted 00:03:22 (281 turns).

Colgate the Stinger (Naga Venom Mage)                Turns: 281, Time: 00:03:23

Health: 0/22       AC:  1    Str: 10    XL:     2   Next: 4%
Magic:  1/5        EV: 10    Int: 15    God:
Gold:   0          SH:  0    Dex: 11    Spells: 4/5 levels left

rFire    . . .     SeeInvis +   g - +0 short sword
rCold    . . .     Faith    .   (no shield)
rNeg     . . .     Spirit   .   a - +0 robe
rPois    +         Reflect  .   (no helmet)
rElec    .         Harm     .   (no cloak)
rCorr    .         Rampage  .   (no gloves)
MR       .....                  (no barding)
Stlth    ++........             (no amulet)
HPRegen  0.07/turn              (no ring)
MPRegen  0.09/turn              (no ring)

@: short of breath, very slow
A: large, see invisible, deformed body, poison resistance, slowness 2, spit
poison 1, AC +0
a: Spit Poison


You were on level 1 of the Dungeon.
You visited 1 branch of the dungeon, and saw 1 of its levels.

Inventory:

Hand Weapons
 b - a +0 hunting sling
 g - a +0 short sword (weapon)
Armour
 a - a +0 robe (worn)
 h - a +0 scale mail
Scrolls
 c - a scroll of identify {unknown}
 e - a scroll of remove curse {unknown}
Potions
 d - a potion of stabbing {unknown}
 f - a potion of curing {unknown}


   Skills:
 - Level 1.5 Dodging
 - Level 3.0 Stealth
 - Level 2.0 Spellcasting
 - Level 1.0 Transmutations
 + Level 4.7 Poison Magic


You had 4 spell levels left.
You knew the following spells:

 Your Spells              Type           Power        Failure   Level
a - Sting                 Tmut/Pois      ##..         7%          1

Your spell library contained the following spells:

 Spells                   Type           Power        Failure   Level
 Poisonous Vapours        Pois/Air       #.....       13%         2
 Ignite Poison            Fire/Tmut/Pois #.......     30%         3
 Olgreb's Toxic Radiance  Pois           ###.....     30%         4
 Mephitic Cloud           Conj/Pois/Air  #.......     34%         3


Dungeon Overview and Level Annotations

Branches:
Dungeon (1/15)

Altars:


Innate Abilities, Weirdness & Mutations

You cannot wear boots.
Your serpentine skin is tough. (AC +0)
You have supernaturally acute eyesight. (SInv)
Armour fits poorly on your strangely shaped body.
Your system is resistant to poisons. (rPois)
You cover ground very slowly.
You can spit poison.


Message History

You have reached level 2!
The bat hits you but does no damage. The kobold hits you. x2
You hit the kobold but do no damage. The bat misses you.
The kobold closely misses you. The ooze hits you.
* * * LOW HITPOINT WARNING * * *
The kobold hits you.
* * * LOW HITPOINT WARNING * * *
You hit the kobold.
The kobold is severely wounded.
You have got your breath back.
The bat misses you. The kobold hits you.
* * * LOW HITPOINT WARNING * * *
The ooze closely misses you. The kobold closely misses you.
Your magical contamination has completely faded away.
Press: ? - help, Shift-Dir - straight line, f/p - kobold
Aim: a kobold The splash of poison hits the kobold.
The kobold is poisoned.
You kill the kobold!
The bat barely misses you. The kobold hits you.
You die...

............#
.##........... .
..............#..
#...........#..
.........!....
..#.........#
..........)J.# ......
.........K@.# .....
##.......b.## . .... ####
≈....###.#####.. ...###...
.....###.......###..##.....
#...#...>..###..##....##
.)####..#####..#...#.......
........#####.....##.......
.....#............#.....###
............#.....#...###


You could see an ooze, a bat and a kobold.

Vanquished Creatures
  A giant cockroach (D:1)
  A goblin (D:1)
  4 kobolds (D:1)
  A frilled lizard (D:1)
7 creatures vanquished.

Notes
Turn   | Place    | Note
-------+----------+-------------------------------------------
     0 | D:1      | Colgate the Naga Venom Mage began the quest for the Orb.
     0 | D:1      | Reached XP level 1. HP: 15/15 MP: 3/3
   278 | D:1      | Reached XP level 2. HP: 13/22 MP: 0/5
   281 | D:1      | Slain by a kobold

Illustrated notes

Levels and vault maps discovered:
D:1:      minmay_arrival_loop, layout_rooms, minmay_misc_feat_rows,
          moated_statue, minmay_tall_x

Action                   || total
-------------------------++-------
Melee: Short sword       ||     6
       Unarmed           ||     3
 Cast: Sting             ||     5
 Abil: Spit Poison       ||     8
Armor: Robe              ||     4
Dodge: Dodged            ||    10

Table legend: (Time is in decaauts)
 A = Elapsed time spent in this place.
 B = Non-inter-level travel time spent in this place.
 C = Inter-level travel time spent in this place.
 D = Time resting spent in this place.
 E = Time spent auto-exploring this place.
 F = Levels seen in this place.
 G = Mean time per level.
                   A        B        C        D        E       F      G
               +--------+--------+--------+--------+--------+-----+--------+
         Total |    324 |    324 |      0 |      0 |    234 |   1 |  324.0 |
       Dungeon |    324 |    324 |      0 |      0 |    234 |   1 |  324.0 |
               +--------+--------+--------+--------+--------+-----+--------+

Top non-repeatable levels by time:
     D:1: 324 daAuts
